 Dungeon Crawl Stone Soup version 0.20.0-8-g6b59dc7 (webtiles) character file.

273230 Jannitor the Warrior (level 19, -6/318 HPs)
             Began as a Minotaur Gladiator on May 31, 2017.
             Was the Champion of Makhleb.
             Mangled by a deep elf blademaster
             ... wielding a +3 rapier
              (18 damage)
             ... on level 3 of the Elven Halls.
             The game lasted 01:50:34 (42811 turns).

Jannitor the Warrior (Minotaur Gladiator)          Turns: 42811, Time: 01:50:35

Health: -6/318     AC: 35    Str: 32      XL:     19   Next: 50%
Magic:  29/29      EV: 10    Int:  3 (4)  God:    Makhleb [******]
Gold:   2608       SH:  0    Dex: 12      Spells: 14/18 levels left

rFire    + . .     SeeInvis +   T - +4 lajatang (slice)
rCold    + . .     Gourm    .   (shield currently unavailable)
rNeg     + . .     Faith    .   Y - +7 plate armour "Lyduob" {rElec rF+}
rPois    +         Spirit   .   c - +0 hat
rElec    +         Reflect  .   a - +2 ratskin cloak {+Rats rPois rN+ Str-1 Int-1 Dex+1}
rCorr    .         Harm     .   i - +0 pair of gloves (curse)
MR       ++...                  X - +0 pair of boots
Stlth    ..........             S - amulet of rage
Regen    0.7/turn               P - ring of see invisible
MPRegen  0.3/turn               W - ring of protection from cold

@: berserking (expiring), very quick
A: retaliatory headbutt, horns 2, thin metallic scales 1, clumsy 1, magic
resistance 1, robust 2, screaming 1, shaggy fur 1, strong 1, wild magic 2
}: 2/15 runes: decaying, serpentine
a: Minor Destruction, Lesser Servant of Makhleb, Major Destruction, Greater
Servant of Makhleb, Renounce Religion, Evoke Ratskin, Evoke Berserk Rage


You were on level 3 of the Elven Halls.
You worshipped Makhleb.
Makhleb was exalted by your worship.
You were hungry.

You visited 6 branches of the dungeon, and saw 34 of its levels.
You visited the Abyss 1 time.
You visited 1 bazaar.
You also visited: Labyrinth and Ice Cave.

You collected 4085 gold pieces.
You spent 1477 gold pieces at shops.

Inventory:

Hand Weapons
 M - a +4 quarterstaff of freezing
 T - a +4 lajatang of slicing (weapon)
Missiles
 d - 3 throwing nets (quivered)
Armour
 a - the +2 ratskin cloak (worn) {+Rats rPois rN+ Str-1 Int-1 Dex+1}
   (You found it in a labyrinth)

   It affects your strength (-1).
   It affects your intelligence (-1).
   It affects your dexterity (+1).
   It protects you from poison.
   It protects you from negative energy.
 c - a +0 hat (worn)
 i - a cursed +0 pair of gloves (worn)
 J - the +4 buckler of Qazlal's Condemnation {*Contam rPois rN++ rCorr}
   (You found it on level 7 of the Dungeon)

   It protects you from poison.
   It greatly protects you from negative energy.
   It causes magical contamination when unequipped.
   It protects you from acid and corrosion.
 N - a +2 cloak of magic resistance
 X - a +0 pair of boots (worn)
 Y - the +7 plate armour "Lyduob" (worn) {rElec rF+}
   (You bought it in a shop in a bazaar)

   It protects you from fire.
   It insulates you from electricity.
Magical Staves
 y - an uncursed staff of earth
Jewellery
 F - a +6 ring of intelligence {unknown}
 P - a ring of see invisible (left hand)
 S - an amulet of rage (around neck)
 W - a ring of protection from cold (right hand)
Wands
 D - a wand of lightning (5/15)
 R - a wand of digging (3/24)
 V - a wand of scattershot (3/9)
Scrolls
 e - 16 scrolls of identify
 h - 2 scrolls of recharging
 j - 2 scrolls of fog
 k - 2 scrolls of torment
 o - 21 scrolls of remove curse
 q - 12 scrolls of teleportation
 v - a scroll of holy word
 w - 7 scrolls of fear
 z - 2 scrolls of immolation
 H - a scroll of silence
 I - 6 scrolls of blinking
 O - 3 scrolls of enchant armour
 Q - a scroll of summoning
Potions
 m - 7 potions of might
 n - a potion of mutation
 p - a potion of invisibility
 r - 3 potions of cancellation
 u - 7 potions of haste
 x - 7 potions of flight
 A - 6 potions of curing
 B - a potion of berserk rage
 C - 2 potions of magic
 G - 2 potions of agility
 K - 3 potions of ambrosia
 U - 6 potions of lignification
Miscellaneous
 b - a lightning rod (1/4)
 t - a box of beasts
 E - a lamp of fire
Comestibles
 f - 14 bread rations
 g - 19 royal jellies
 l - 13 meat rations
 s - 28 fruits


   Skills:
 - Level 17.2 Fighting
 - Level 14.1 Staves
 - Level 2.0 Throwing
 - Level 16.9 Armour
 - Level 4.1 Dodging
 * Level 14.4 Earth Magic
 - Level 13.4 Invocations
 + Level 14.6 Evocations


You had 14 spell levels left.
You knew the following spells:

 Your Spells              Type           Power        Failure   Level  Hunger
a - Leda's Liquefaction   Hex/Erth       #.........   90%         4    #####..


Dungeon Overview and Level Annotations

Branches:
Dungeon (15/15)            Temple (0/1) D:5            Lair (6/6) D:8
  Swamp (4/4) Lair:2        Snake (4/4) Lair:2        Slime (0/5) Lair:6
    Orc (2/2) D:12            Elf (3/3) Orc:2        Vaults (0/5) D:14
 Depths: D:15

Altars:
Dithmenos
Hepliaklqana
Makhleb
Ru
Trog
Vehumet
Xom
Zin
The Shining One
Beogh

Shops:
D:11 }   Orc:2 ([*:   Elf:1 [   Elf:3 [   Snake:4 :=}}

Annotations:
D:15 exclusion: obsidian statue
Elf:2 3 runed doors


Innate Abilities, Weirdness & Mutations

You reflexively headbutt those who attack you in melee.
You have a pair of horns on your head.
You are partially covered in thin metallic scales. (AC +2)
You are clumsy. (Dex -2)
You are resistant to hostile enchantments. (MR+)
You are very robust. (+20% HP)
You occasionally shout uncontrollably at your foes.
You are covered in fur. (AC +1)
Your muscles are strong. (Str +2)
Your spells are harder to cast, but more powerful.


Message History

The deep elf blademaster is severely wounded.
The deep elf blademaster hits you but does no damage.
The deep elf blademaster hits you with an enchanted rapier!!
* * * LOW HITPOINT WARNING * * *
Unknown command.
You are too berserk!
You hit the deep elf blademaster but do no damage.
The deep elf blademaster is severely wounded.
The deep elf blademaster misses you.
The deep elf blademaster hits you with an enchanted rapier.
* * * LOW HITPOINT WARNING * * *
Unknown command.
You slice the deep elf blademaster!!
The deep elf blademaster is almost dead.
The deep elf blademaster closely misses you.
The deep elf blademaster hits you but does no damage.
You miss the deep elf blademaster.
The deep elf blademaster is almost dead.
The deep elf blademaster hits you with an enchanted rapier!!
You die...

#.#.####...#
##### ##...#
####(...#
#..[()..#
##..[))(#
#.#[#(##
#.#(#..#
#.#.#..#
#.#@#.##
###e### ### #e#
#.#
#....*e.....#
#.#
##.........##
#.##
#.........#
#...
#.........#
#.##
.............
#.#
...............
#.##


You could see a deep elf blademaster (berserk), 2 deep elf death magi and a lost
soul.

Vanquished Creatures
  Rupert (D:13)
  An Ice Fiend (IceCv)
  A deep elf blademaster (Elf:3)
  2 deep elf master archers (Elf:3)
  A tentacled starspawn (Abyss:2)
  The ghost of Beldrama the Wrestler, an adept TrMo of the Shining One (Swamp:3)
  9 nagarajas
  5 deep elf sorcerers (Elf:3)
  A cacodemon (Abyss:2)
  2 orc warlords (Orc:2)
  3 deep elf elementalists
  5 deep elf demonologists
  Nessos (D:14)
  7 deep elf annihilators
  A deep elf death mage (Elf:2)
  A minotaur (Lab)
  Josephine (D:12)
  3 fire dragons (Swamp:4)
  4 deep elf high priests
  Fannar (D:12)
  A great orb of eyes (D:14)
  13 hydras
  A ghost crab (Swamp:1)
  13 naga warriors
  Erica (Lair:1)
  9 anacondas
  11 two-headed ogres
  9 dancing weapons
  5 alligators
  3 centaur warriors
  4 death yaks (Lair:2)
  An ogre mage (D:12)
  Urug (D:14)
  2 tengu warriors (D:14)
  4 orc high priests (Orc:2)
  5 thrashing horrors (Abyss:2)
  13 shock serpents
  10 naga sharpshooters
  9 deep elf knights
  A wretched star (Abyss:2)
  2 spriggan druids (Swamp:3)
  4 salamander mystics
  A skeletal warrior (D:10)
  2 naga ritualists (Snake:1)
  14 swamp dragons
  3 shambling mangroves
  3 lindwurms (Swamp:4)
  3 unseen horrors
  7 large abominations (Abyss:2)
  11 deep elf archers
  13 sea snakes
  4 orc knights (Orc:2)
  5 orc sorcerers (Orc:2)
  38 deep elf magi
  4 salamanders
  17 ugly things
  7 mana vipers
  A manticore (D:11)
  A salamander (shapeshifter) (D:13)
  14 elephants
  3 cyclopes
  A centaur zombie (D:14)
  10 guardian serpents
  A smoke demon (Abyss:2)
  30 black mambas
  3 ice statues (IceCv)
  11 naga magi
  A gargoyle (D:14)
  13 spiny frogs
  8 komodo dragons
  A rime drake (Lair:5)
  A golden dragon simulacrum (IceCv)
  An anaconda simulacrum (IceCv)
  A tengu conjurer (D:14)
  4 ancient zymes (Abyss:2)
  11 trolls
  12 ice devils (IceCv)
  A polar bear (Lair:6)
  A queen bee (D:13)
  3 meliai (D:13)
  8 tyrant leeches
  A raiju (Abyss:2)
  8 bog bodies
  7 blink frogs
  Grinder (D:4)
  12 hornets
  11 slime creatures
  A dream sheep (Lair:6)
  9 hippogriffs
  A meliai zombie (D:14)
  6 starcursed masses (Abyss:2)
  3 air elementals
  5 shadows
  A vampire (D:10)
  18 spriggans
  3 wyverns
  A spriggan (shapeshifter) (Abyss:2)
  3 water elementals
  A fire elemental (Elf:2)
  2 ynoxinuls (Abyss:2)
  Eustachio (D:5)
  26 yaks
  4 wraiths (D:12)
  17 humans
  A dire elephant simulacrum (IceCv)
  2 hungry ghosts
  3 hogs (D:7)
  15 vampire mosquitoes
  3 basilisks
  A chaos spawn (Abyss:2)
  4 steam dragons
  2 neqoxecs (Abyss:2)
  A harpy simulacrum (IceCv)
  Edmund (D:5)
  6 insubstantial wisps (Swamp:1)
  2 iron troll simulacra (IceCv)
  23 swamp worms
  4 wargs (Orc:2)
  3 hydra simulacra (IceCv)
  6 small abominations (Abyss:2)
  52 nagas
  12 water moccasins
  5 porcupines
  An ettin simulacrum (IceCv)
  A hornet zombie (D:5)
  16 swamp drakes
  An ice beast (D:10)
  An eye of draining (D:9)
  A necrophage (D:14)
  53 orc warriors
  6 sky beasts
  A swamp dragon zombie (Abyss:2)
  8 black bears
  16 ogres
  3 phantoms
  3 boggarts (Lair:6)
  17 wolves (Lair:6)
  12 centaurs
  9 crocodiles
  2 big kobolds
  21 bullfrogs
  A water moccasin zombie (D:7)
  2 earth elementals (Elf:2)
  2 wyvern skeletons
  2 scorpions
  22 killer bees (D:13)
  11 wights
  4 electric eels
  2 howler monkeys
  A lava snake (Swamp:4)
  2 crimson imps
  2 hounds
  12 jellies
  2 quasits
  3 bullfrog zombies
  2 iron imps (Abyss:2)
  43 orc priests
  3 bullfrog skeletons
  Crazy Yiuf (D:7)
  3 centaur skeletons
  15 worker ants
  5 iguanas
  28 orc wizards
  A hound skeleton (D:9)
  A howler monkey zombie (D:11)
  17 adders
  A howler monkey skeleton (D:4)
  5 shadow imps
  A white imp (Abyss:2)
  2 oozes
  An adder skeleton (D:7)
  An adder zombie (D:9)
  4 worms
  3 dart slugs
  5 leopard geckos
  141 orcs
  6 bats
  9 giant cockroaches
  5 goblins
  9 hobgoblins
  13 jackals
  20 kobolds
  6 quokkas
  3 ball pythons
  5 frilled lizards
  3 jackal skeletons
  A leopard gecko skeleton (D:4)
  A quokka skeleton (D:7)
  7 rats
  A fungus (D:7)
1346 creatures vanquished.

Vanquished Creatures (collateral kills)
  Vashnia (Snake:3)
  Gastronok (Lair:1)
  A hydra (Lair:4)
  3 naga warriors
  2 anacondas
  A death yak (Lair:2)
  4 naga sharpshooters
  2 sea snakes
  2 naga ritualists
  A mana viper (Snake:1)
  3 salamanders
  3 ugly things (Snake:4)
  3 naga magi
  3 elephants
  4 black mambas
  2 hornets (Lair:6)
  A hippogriff (Lair:6)
  A dream sheep (Lair:6)
  2 spriggans (Lair:6)
  4 yaks (Lair:2)
  13 nagas
  A wolf (Lair:6)
  A boggart (Lair:6)
  A crocodile (Lair:6)
  3 jellies (Lair:6)
63 creatures vanquished.

Vanquished Creatures (others)
  A hydra (Swamp:1)
  A naga warrior (Snake:3)
  2 spriggans (Swamp:4)
  A deep elf mage (Elf:2)
  2 hornets (Swamp:4)
  A blink frog (Swamp:4)
  2 swamp drakes (Swamp:4)
  An orc wizard (Orc:2)
  6 fungi
  11 plants
28 creatures vanquished.

Grand Total: 1437 creatures vanquished

Notes
Turn   | Place    | Note
-------+----------+-------------------------------------------
     0 | D:1      | Jannitor the Minotaur Gladiator began the quest for the Orb.
     0 | D:1      | Reached XP level 1. HP: 18/18 MP: 0/0
   250 | D:1      | Reached skill level 1 in Armour
   253 | D:1      | Reached XP level 2. HP: 22/25 MP: 1/1
   451 | D:2      | Reached skill level 3 in Fighting
   468 | D:2      | Reached XP level 3. HP: 26/31 MP: 2/2
   541 | D:2      | Found a hazy altar of Hepliaklqana.
   541 | D:2      | Found a burning altar of Makhleb.
   606 | D:2      | Became a worshipper of Makhleb the Destroyer
   955 | D:2      | Reached XP level 4. HP: 38/38 MP: 3/3
  1724 | D:3      | Reached * piety under Makhleb
  2088 | D:3      | Found a glowing golden altar of the Shining One.
  2177 | D:4      | Noticed Grinder
  2192 | D:4      | Paralysed by Grinder for 3 turns
  2199 | D:4      | Paralysed by Grinder for 4 turns
  2205 | D:4      | Paralysed by Grinder for 4 turns
  2213 | D:4      | Killed Grinder
  2213 | D:4      | Reached skill level 4 in Fighting
  2213 | D:4      | Reached skill level 5 in Staves
  2213 | D:4      | Reached XP level 5. HP: 12/47 MP: 4/4
  2213 | D:4      | Reached XP level 6. HP: 14/53 MP: 5/5
  2528 | D:4      | Found a sacrificial altar of Ru.
  2674 | D:4      | Reached skill level 5 in Fighting
  2919 | D:4      | Reached skill level 5 in Armour
  2919 | D:4      | Reached XP level 7. HP: 19/61 MP: 6/6
  3242 | D:4      | Reached ** piety under Makhleb
  3560 | D:5      | Entered Level 5 of the Dungeon
  3955 | D:5      | Noticed Eustachio
  3957 | D:5      | Found Zin's Purification Station.
  3957 | D:5      | Found a glowing silver altar of Zin.
  3973 | D:5      | Killed Eustachio
  3973 | D:5      | Reached skill level 6 in Fighting
  4059 | D:5      | Reached XP level 8. HP: 24/71 MP: 7/7
  4423 | D:5      | Noticed Edmund
  4435 | D:5      | Killed Edmund
  4488 | D:5      | Reached skill level 7 in Fighting
  4721 | D:5      | Found a staircase to the Ecumenical Temple.
  4832 | D:6      | Gained mutation: Your muscles are strong. (Str +2) [mutagenic meat]
  5193 | D:6      | Reached *** piety under Makhleb
  5292 | D:6      | Reached skill level 8 in Fighting
  5767 | D:7      | Got a scorched buckler
  5783 | D:7      | Reached XP level 9. HP: 81/81 MP: 8/8
  5787 | D:7      | Found a radiant altar of Vehumet.
  6028 | D:7      | Reached skill level 1 in Invocations
  6457 | D:7      | Found a runed door.
  6461 | D:7      | Noticed Crazy Yiuf
  6469 | D:7      | Killed Crazy Yiuf
  6724 | D:7      | Reached skill level 9 in Fighting
  6826 | D:8      | Reached **** piety under Makhleb
  6945 | D:8      | Reached skill level 10 in Staves
  7155 | D:8      | Reached XP level 10. HP: 92/92 MP: 11/11
  7226 | D:8      | Found a staircase to the Lair.
  7409 | D:9      | Noticed a two-headed ogre
  7426 | D:9      | Killed a two-headed ogre
  7426 | D:9      | Reached skill level 10 in Fighting
  7426 | D:9      | Reached skill level 10 in Armour
  7481 | D:9      | Identified the +4 buckler of Qazlal's Condemnation {*Contam rPois rN++ rCorr} (You found it on level 7 of the Dungeon)
  7617 | D:9      | Found a shadowy altar of Dithmenos.
  7700 | D:9      | Reached skill level 5 in Invocations
  8175 | D:9      | Reached ***** piety under Makhleb
  8251 | D:10     | Entered Level 10 of the Dungeon
  8303 | D:10     | Noticed a skeletal warrior
  8476 | D:10     | Reached XP level 11. HP: 101/101 MP: 14/14
  8755 | D:10     | Killed a skeletal warrior
  8755 | D:10     | Reached skill level 11 in Fighting
  9213 | D:11     | Found Otoaffacw's Gadget Shop.
  9571 | D:11     | Reached skill level 1 in Evocations
 10002 | D:11     | Found a roughly hewn altar of Beogh.
 10238 | D:11     | Noticed a white ugly thing
 10252 | D:11     | Killed a white ugly thing
 10491 | D:11     | Noticed a centaur warrior
 10496 | D:11     | Killed a centaur warrior
 10634 | Lair:1   | Entered Level 1 of the Lair of Beasts
 10722 | Lair:1   | Noticed a four-headed hydra
 10730 | Lair:1   | Killed a four-headed hydra
 10761 | Lair:1   | Noticed Erica
 10766 | Lair:1   | Killed Erica
 11117 | Lair:1   | You fall through a shaft!
 11156 | Lair:2   | Found a staircase to the Swamp.
 11232 | Lair:2   | Found a labyrinth entrance.
 11237 | Lab      | Entered a labyrinth
 11366 | Lab      | Noticed a minotaur
 11372 | Lab      | Killed a minotaur
 11372 | Lab      | Reached skill level 12 in Fighting
 11372 | Lab      | Reached XP level 12. HP: 99/112 MP: 16/16
 11413 | Lair:2   | Noticed a death yak
 11414 | Lair:2   | Noticed a death yak
 11416 | Lair:2   | Noticed a death yak
 11417 | Lair:2   | Noticed a death yak
 11417 | Lair:2   | Noticed a death yak
 11420 | Lair:2   | Killed a death yak
 11425 | Lair:2   | Killed a death yak
 11427 | Lair:2   | Killed a death yak
 11428 | Lair:2   | Killed a death yak
 11432 | Lair:2   | Killed a death yak
 11817 | Lair:2   | Found a staircase to the Snake Pit.
 12234 | Lair:3   | Reached skill level 5 in Evocations
 12632 | Lair:3   | Noticed a six-headed hydra
 12640 | Lair:3   | Killed a six-headed hydra
 12821 | Lair:4   | Reached skill level 13 in Fighting
 12833 | Lair:4   | Noticed a seven-headed hydra
 12840 | Lair:4   | Killed a seven-headed hydra
 12844 | Lair:4   | Reached XP level 13. HP: 115/122 MP: 10/18
 13483 | Lair:4   | Found a shimmering altar of Xom.
 14754 | Lair:6   | Entered Level 6 of the Lair of Beasts
 14757 | Lair:6   | Found a staircase to the Slime Pits.
 14803 | Lair:6   | Reached ****** piety under Makhleb
 15433 | Lair:6   | Reached skill level 10 in Invocations
 16154 | Lair:1   | Noticed Gastronok
 16164 | Lair:1   | Reached skill level 14 in Fighting
 16171 | Lair:1   | Killed Gastronok
 16875 | D:12     | Reached XP level 14. HP: 132/132 MP: 20/20
 16952 | D:12     | Noticed Josephine
 16987 | D:12     | Killed Josephine
 17008 | D:12     | Gained mutation: Your body sometimes deteriorates upon taking damage. [mutagenic meat]
 17201 | D:12     | Found a staircase to the Orcish Mines.
 17349 | Orc:1    | Entered Level 1 of the Orcish Mines
 17353 | Orc:1    | Noticed Fannar
 17376 | D:12     | Killed Fannar
 17763 | Orc:2    | Entered Level 2 of the Orcish Mines
 17763 | Orc:2    | Found a staircase to the Elven Halls.
 19068 | Orc:2    | Noticed an orc warlord
 19071 | Orc:2    | Killed an orc warlord
 19084 | Orc:2    | Found a bloodstained altar of Trog.
 19189 | Orc:2    | Reached skill level 15 in Fighting
 19292 | Orc:2    | Noticed an orc warlord
 19310 | Orc:2    | Killed an orc warlord
 19868 | Orc:2    | Found Lott's General Store.
 19869 | Orc:2    | Found Wanesos's Book Shop.
 19870 | Orc:2    | Found Busanur's Antique Armour Boutique.
 19870 | Orc:2    | Found Moocatul's Antique Weapon Boutique.
 20128 | D:13     | Reached skill level 15 in Armour
 20202 | D:13     | Found a flickering gateway to a bazaar.
 20214 | Bazaar   | Entered a bazaar
 20215 | Bazaar   | Found Iplanam's Book Shop.
 20215 | Bazaar   | Found Naaronymm's Armour Boutique.
 20216 | Bazaar   | Found Jaheqow's General Store.
 20233 | Bazaar   | Bought a scroll of immolation for 31 gold pieces
 20244 | Bazaar   | Bought the cursed +1 chain mail of Xoroggak {rElec rCorr Str-4 Dex+4} for 182 gold pieces
 20247 | Bazaar   | Found Oclokarph's Armour Emporium.
 20255 | Bazaar   | Bought the +7 plate armour "Lyduob" {rElec rF+} for 1264 gold pieces
 20611 | D:13     | Reached XP level 15. HP: 132/141 MP: 22/22
 20667 | D:13     | Noticed Rupert
 20681 | D:13     | Killed Rupert
 21465 | D:14     | Found a gate to the Vaults.
 21465 | D:14     | Noticed Nessos
 21465 | D:14     | Noticed Urug
 21879 | D:14     | Killed Nessos
 21893 | D:14     | Killed Urug
 21970 | D:14     | Lost mutation: Your body sometimes deteriorates upon taking damage. [potion of mutation]
 21970 | D:14     | Lost mutation: Your muscles are strong. (Str +2) [potion of mutation]
 21970 | D:14     | Gained mutation: You are robust. (+10% HP) [potion of mutation]
 21970 | D:14     | Gained mutation: You are somewhat resistant to further mutation. [potion of mutation]
 21970 | D:14     | Gained mutation: Scrolls take you a little longer to read. [potion of mutation]
 22501 | D:14     | Gained mutation: You are very robust. (+20% HP) [mutagenic meat]
 22502 | D:14     | Lost mutation: You are somewhat resistant to further mutation. [mutagenic meat]
 22504 | D:14     | Gained mutation: You are clumsy. (Dex -2) [mutagenic meat]
 22660 | D:14     | Learned a level 4 spell: Leda's Liquefaction
 22987 | D:15     | Entered Level 15 of the Dungeon
 23104 | D:15     | Reached skill level 1 in Earth Magic
 23158 | D:15     | Reached skill level 10 in Evocations
 23168 | D:15     | Reached skill level 16 in Fighting
 24090 | Snake:1  | Entered Level 1 of the Snake Pit
 25454 | Snake:2  | Reached XP level 16. HP: 178/182 MP: 24/24
 27123 | Snake:3  | Noticed Vashnia
 27137 | Snake:3  | Killed Vashnia
 27314 | Snake:3  | Reached skill level 5 in Earth Magic
 27453 | Snake:3  | Reached skill level 17 in Fighting
 27890 | Snake:4  | Entered Level 4 of the Snake Pit
 28019 | Snake:4  | Found Tetyaray's Jewellery Shoppe.
 28020 | Snake:4  | Found Rekuewk's Gadget Shop.
 28020 | Snake:4  | Found Xeunnuim's Gadget Shop.
 28101 | Snake:4  | Found a frozen archway.
 28139 | Snake:4  | Gained mutation: Your muscles are strong. (Str +2) [mutagenic meat]
 28140 | Snake:4  | Gained mutation: Your magical capacity is low. (-10% MP) [mutagenic meat]
 28141 | Snake:4  | Lost mutation: Scrolls take you a little longer to read. [mutagenic meat]
 28142 | Snake:4  | Lost mutation: You are clumsy. (Dex -2) [mutagenic meat]
 28143 | Snake:4  | Gained mutation: You are resistant to hostile enchantments. (MR+) [mutagenic meat]
 28144 | Snake:4  | Gained mutation: Your spells are a little harder to cast, but a little more powerful. [mutagenic meat]
 28145 | Snake:4  | Lost mutation: Your magical capacity is low. (-10% MP) [mutagenic meat]
 28146 | Snake:4  | Gained mutation: You are covered in fur. (AC +1) [mutagenic meat]
 28148 | Snake:4  | Gained mutation: You occasionally shout uncontrollably at your foes. [mutagenic meat]
 28149 | Snake:4  | Gained mutation: Your spells are harder to cast, but more powerful. [mutagenic meat]
 28150 | Snake:4  | Gained mutation: You are clumsy. (Dex -2) [mutagenic meat]
 28152 | IceCv    | Entered an ice cave
 28457 | IceCv    | Identified a scroll of acquirement
 28876 | IceCv    | Noticed an Ice Fiend
 28902 | IceCv    | Killed an Ice Fiend
 29344 | IceCv    | Got an ichor-stained plate armour
 29349 | IceCv    | Identified the +5 plate armour "Upluir" {rElec} (You found it in an ice cave)
 29635 | Snake:4  | Reached XP level 17. HP: 136/193 MP: 26/26
 30070 | Snake:4  | Found Niuphad's Book Emporium.
 32595 | Snake:4  | Got a serpentine rune of Zot
 33016 | Swamp:1  | Entered Level 1 of the Swamp
 33189 | Swamp:1  | Paralysed by a hornet for 2 turns
 33900 | Swamp:2  | Reached skill level 10 in Earth Magic
 34135 | Swamp:2  | Got a glittering jade ring
 34136 | Swamp:2  | Identified the ring "Eqiborgh" {+Fly Dex+2} (You found it on level 2 of the Swamp)
 34587 | Swamp:3  | Noticed Beldrama's ghost (adept TrMo)
 34608 | Swamp:3  | Killed Beldrama's ghost
 35320 | Swamp:3  | Reached XP level 18. HP: 203/204 MP: 27/27
 35453 | Swamp:3  | Paralysed by a hornet for 3 turns
 35873 | Swamp:4  | Entered Level 4 of the Swamp
 36728 | Swamp:4  | Got a decaying rune of Zot
 37335 | Elf:1    | Entered Level 1 of the Elven Halls
 37839 | Elf:1    | Found Mifufel's Antique Armour Shoppe.
 39059 | Elf:2    | Found a runed gate.
 39059 | Elf:2    | Found a runed gate.
 39059 | Elf:2    | Found a runed gate.
 39279 | Elf:3    | Entered Level 3 of the Elven Halls
 39318 | Elf:3    | Found Sumabol's Armour Emporium.
 40163 | Elf:3    | Noticed a Tzitzimitl
 40171 | Elf:2    | Noticed an Ice Fiend
 40256 | Elf:3    | Reached XP level 19. HP: 118/212 MP: 28/28
 40268 | Elf:3    | Got a brightly glowing quarterstaff {drain}
 40289 | Elf:2    | Identified the +3 quarterstaff of Oxodwa {drain, rN+} (You took it off a deep elf demonologist on level 3 of the Elven Halls)
 41909 | Elf:3    | Cast into level 2 of the Abyss (a deep elf demonologist)
 42177 | Abyss:2  | Gained mutation: You are partially covered in thin metallic scales. (AC +2) [a cacodemon]
 42241 | Abyss:2  | Found a corrupted altar of Lugonu.
 42270 | Abyss:2  | Found a corrupted altar of Lugonu.
 42384 | Abyss:2  | Lost intelligence.
 42420 | Abyss:2  | Found a corrupted altar of Lugonu.
 42424 | Elf:3    | Escaped the Abyss
 42808 | Elf:3    | HP: 12/318 [deep elf blademaster/enchanted rapier (19)]
 42811 | Elf:3    | Mangled by a deep elf blademaster

Skill      XL: |  1  2  3  4  5  6  7  8  9 10 11 12 13 14 15 16 17 18 19 |
---------------+----------------------------------------------------------+-----
Armour         | 1 2 4 5 6 8 9 10 11 12 13 15 16 | 16.9
Fighting       | 3 4 5 6 8 9 10 12 13 14 15 16 17 | 17.2
Staves         | 4 5 6 7 8 10 11 12 13 14 | 14.1
Dodging        | 4 |  4.1
Invocations    | 3 6 7 9 10 11 12 13 | 13.4
Evocations     | 3 5 7 9 10 11 12 14 | 14.6
Earth Magic    | 3 6 10 13 14 | 14.4
Throwing       | |  2.0

Action                   |  1- 3 |  4- 6 |  7- 9 | 10-12 | 13-15 | 16-18 | 19-21 || total
-------------------------+-------+-------+-------+-------+-------+-------+-------++-------
Melee: Quarterstaff      |    68 |   104 |   334 |   565 |  1464 |  1696 |       ||  4231
       Headbutt          |    13 |    14 |    80 |   143 |   331 |   514 |    66 ||  1161
       Staff             |       |       |       |       |       |    26 |       ||    26
       Lajatang          |       |       |       |       |       |   370 |   312 ||   682
Invok: Minor Destruction |       |       |       |       |     3 |     5 |       ||     8
       Greater Servant o |       |       |       |       |     1 |    15 |     1 ||    17
       Lesser Servant of |       |       |       |       |     1 |     2 |       ||     3
       Major Destruction |       |       |       |       |       |     7 |     2 ||     9
 Abil: Evoke Ratskin     |       |       |       |    21 |    20 |     1 |       ||    42
       Evoke Berserk Rag |       |       |       |       |     4 |     6 |     2 ||    12
Evoke: Wand              |       |       |       |     2 |     6 |     1 |       ||     9
       Lightning rod     |       |       |       |     4 |     7 |       |       ||    11
       Lamp of fire      |       |       |       |       |     1 |       |       ||     1
  Use: Potion            |       |       |     3 |     5 |    10 |     4 |       ||    22
       Scroll            |       |       |       |    22 |    11 |    15 |     2 ||    50
 Stab: Sleeping          |     1 |     3 |     4 |    10 |     5 |       |       ||    23
       Distracted        |       |     1 |       |       |     3 |     6 |     1 ||    11
       Paralysed         |       |     1 |       |     5 |       |       |       ||     6
       Petrifying        |       |       |       |     1 |       |       |       ||     1
       Confused          |       |       |       |       |       |     2 |       ||     2
  Eat: Chunk             |       |     6 |    14 |    16 |    32 |    34 |       ||   102
       Bread ration      |       |       |       |     2 |     5 |     5 |     2 ||    14
       Royal jelly       |       |       |       |     1 |       |       |       ||     1
       Meat ration       |       |       |       |       |     1 |     2 |       ||     3
Armor: Leather armour    |    15 |     2 |       |       |       |       |       ||    17
       Shadow dragon sca |       |    38 |   176 |   283 |   407 |       |       ||   904
       Plate armour      |       |       |       |       |   463 |  1455 |   204 ||  2122
Dodge: Dodged            |    38 |    39 |   157 |   223 |   657 |   776 |   110 ||  2000
